 Dungeon Crawl Stone Soup version 0.20.1-1-g8b1a95d (webtiles) character file.

67 slep the Skirmisher (level 4, -1/37 HPs)
             Began as a Demonspawn Abyssal Knight on Oct 26, 2017.
             Was a Follower of Lugonu.
             Slain by an orc
             ... wielding a +0 flail
              (9 damage)
             ... on level 3 of the Dungeon.
             The game lasted 00:07:23 (1337 turns).

slep the Skirmisher (Demonspawn Abyssal Knight)     Turns: 1337, Time: 00:07:23

Health: -1/37      AC:  3    Str: 12    XL:     4   Next: 0%
Magic:  5/5        EV: 11    Int: 14    God:    Lugonu [*.....]
Gold:   217        SH:  0    Dex: 13    Spells: 3/3 levels left

rFire    + . .     SeeInvis .   a - +1 falchion
rCold    x . .     Gourm    .   (no shield)
rNeg     . . .     Faith    .   b - +0 leather armour
rPois    .         Spirit   .   (no helmet)
rElec    .         Reflect  .   (no cloak)
rCorr    .         Harm     .   (no gloves)
MR       .....                  (no boots)
Stlth    +.........             (no amulet)
Regen    0.2/turn               l - ring of fire
MPRegen  0.1/turn               (no ring)

@: no status effects
A: claws 1, hooves 1
a: Depart the Abyss, Renounce Religion


You were on level 3 of the Dungeon.
You worshipped Lugonu.
Lugonu was aware of your devotion.
You were hungry.

You visited 1 branch of the dungeon, and saw 3 of its levels.
You visited the Abyss 1 time.

You collected 217 gold pieces.

Inventory:

Hand Weapons
 a - a +1 falchion (weapon)
Missiles
 k - a throwing net (quivered)
Armour
 b - a +0 leather armour (worn)
Jewellery
 l - a ring of fire (left claw)
Scrolls
 f - 2 scrolls of teleportation {unknown}
 g - 5 scrolls of identify {unknown}
 j - a scroll of fear {unknown}
 m - a scroll of remove curse {unknown}
 p - a scroll of amnesia {unknown}
 r - a scroll of fog {unknown}
Potions
 e - 2 potions of resistance {unknown}
 h - a potion of cancellation {unknown}
 i - 2 potions of curing {unknown}
 n - a potion of magic {unknown}
 o - a potion of invisibility {unknown}
Comestibles
 c - a bread ration
 d - 3 meat rations
 q - 5 chunks of flesh


   Skills:
 + Level 3.9 Fighting
 + Level 2.4 Long Blades
 + Level 2.4 Armour
 + Level 1.1 Dodging
 + Level 2.6 Invocations


You had 3 spell levels left.
You didn't know any spells.

Dungeon Overview and Level Annotations

Branches:
Dungeon (3/15)

Altars:
Gozag
Kikubaaqudgha


Innate Abilities, Weirdness & Mutations

You have sharp fingernails.
You have large cloven feet.


Message History

The orc closely misses you.
You riposte.
You hit the orc but do no damage. You kick the orc, but do no damage.
You hit the orc. You kick the orc.
The orc is severely wounded.
The orc struggles against the net.
The orc hits you with a mace.
* * * LOW HITPOINT WARNING * * *
The orc struggles against the net.
The net rips apart, and the orc comes free!
You hit the orc.
You kill the orc!
Lugonu accepts your kill.
You have reached level 4!
You feel clever.
Your demonic ancestry asserts itself...
Your fingernails lengthen.
You hit the orc but do no damage. You kick the orc, but do no damage.
The orc hits you with a flail.
* * * LOW HITPOINT WARNING * * *
You barely miss the orc. Your kick misses the orc.
The orc hits you with a flail!
You die...

##.#..#..#....≈≈≈..#
.........##...≈≈≈≈.#
####..#..##...≈≈≈..#
#..#..#..≈≈≈≈≈..####
####..##.#.≈..........#
......##.#._.....⌠.##.#
####.....#....##...#
#.###.########.## #.#
#.....ooo@.# #.#
#####.o###.## #.# #.##
#..# #.# #. ##.# #.# #.
... #.# ## #.## #.# #.#
#.#############.##
#.............<..#


You could see 4 orcs.

Vanquished Creatures
  An adder (D:2)
  2 oozes (D:1)
  A worm (D:3)
  A dart slug (D:2)
  2 leopard geckos (D:3)
  An orc (D:3)
  4 bats
  2 giant cockroaches
  3 goblins
  2 hobgoblins (D:1)
  6 jackals
  3 frilled lizards
  5 kobolds
  7 rats
40 creatures vanquished.

Vanquished Creatures (others)
  4 starspawn tentacles (Abyss:1)
4 creatures vanquished.

Grand Total: 44 creatures vanquished

Notes
Turn   | Place    | Note
-------+----------+-------------------------------------------
     0 | Abyss:1  | slep the Demonspawn Abyssal Knight began the quest for the Orb.
     0 | Abyss:1  | Reached XP level 1. HP: 18/18 MP: 2/2
    27 | Abyss:1  | Noticed a tentacled starspawn
    40 | Abyss:1  | Noticed a shadow demon
    41 | D:1      | Escaped the Abyss
   121 | D:1      | Reached * piety under Lugonu
   124 | D:1      | Gained mutation: You have large cloven feet. [demonic ancestry]
   124 | D:1      | Reached XP level 2. HP: 24/24 MP: 3/3
   722 | D:1      | Reached XP level 3. HP: 26/29 MP: 4/4
  1133 | D:3      | Found an opulent altar of Gozag.
  1151 | D:3      | Reached skill level 1 in Dodging
  1310 | D:3      | Found an ancient bone altar of Kikubaaqudgha.
  1335 | D:3      | Gained mutation: You have sharp fingernails. [demonic ancestry]
  1335 | D:3      | Reached XP level 4. HP: 10/37 MP: 5/5
  1337 | D:3      | Slain by an orc

Skill      XL: |  1  2  3 |
---------------+----------+-----
Armour         | 2 |  2.4
Long Blades    | 2 |  2.4
Dodging        | 1 |  1.1
Fighting       | |  3.9
Invocations    | |  2.6

Action                   |  1- 3 |  4- 6 || total
-------------------------+-------+-------++-------
Melee: Falchion          |    98 |     2 ||   100
       Kick              |    12 |     1 ||    13
Throw: Throwing net      |     1 |       ||     1
Invok: Depart the Abyss  |     1 |       ||     1
  Eat: Chunk             |     1 |       ||     1
Armor: Leather armour    |    33 |       ||    33
Dodge: Dodged            |    64 |       ||    64
       Rpst.: Falchion   |    21 |       ||    21
